[Event "Titled Tuesday Blitz August 09 Late 2022"]
[White "Deviprasath, Sharvesh"]
[Black "Paravyan, David"]
[WhiteFideId "30938228"]
[BlackFideId "4194985"]
[WhiteElo "2102"]
[BlackElo "2569"]
[Result "0-1"]
[Round "10"]
[TimeControl "180+1"]
[Date "2022.08.09"]
[WhiteClock "0:02:26"]
[BlackClock "0:02:32"]

1. Nf3 Nf6 2. c4 g6 3. Nc3 d5 4. cxd5 Nxd5 5. h4 Bg7 6. h5 Nc6 7. e4 Ndb4 8. h6 Bf6 9. Qa4 Bd7 10. e5 Nd4 0-1


[Site "https://www.chess.com"]

[Event "Titled Tuesday Blitz August 09 Late 2022"]
[White "Ekdyshman, Mikhail"]
[Black "Salem, A.R. Saleh"]
[WhiteFideId "4149416"]
[BlackFideId "9301348"]
[WhiteElo "2146"]
[BlackElo "2674"]
[Result "0-1"]
[Round "10"]
[TimeControl "180+1"]
[Date "2022.08.09"]
[WhiteClock "0:00:03"]
[BlackClock "0:01:12"]

1. e4 c5 2. c3 Nf6 3. e5 Nd5 4. Nf3 d6 5. d4 cxd4 6. cxd4 Nc6 7. Bc4 Nb6 8. Bb3 d5 9. h3 Bf5 10. O-O e6 11. Nc3 Be7 12. Be3 Rc8 13. Rc1 Nc4 14. Bxc4 dxc4 15. d5 exd5 16. Qxd5 Bd3 17. Rfd1 O-O 18. Ne1 Bf5 19. Qxc4 Qa5 20. Nd5 Be6 21. Nxe7+ Nxe7 22. Qe4 Nc6 23. f4 Qxa2 24. f5 Bb3 25. Ra1 Qxb2 26. Rdb1 Qc3 27. Ra3 Bd5 28. Rxc3 Bxe4 29. Rxb7 Bxf5 30. Ra3 a5 31. Nf3 h6 32. Bc5 Rfd8 33. Bd6 Be4 34. Re3 Nxe5 35. Rxe4 Nxf3+ 36. gxf3 Rxd6 37. Ree7 Rf6 38. Kg2 Rc2+ 39. Kg3 Rc3 40. Ra7 Rcxf3+ 41. Kg2 Rf2+ 0-1


[Site "https://www.chess.com"]

[Event "Titled Tuesday Blitz August 09 Late 2022"]
[White "Goncalves, Davi Sulzbacher"]
[Black "Souleidis, Georgios"]
[WhiteFideId "2154510"]
[BlackFideId "4206827"]
[WhiteElo "2107"]
[BlackElo "2401"]
[Result "1-0"]
[Round "10"]
[TimeControl "180+1"]
[Date "2022.08.09"]
[WhiteClock "0:01:27"]
[BlackClock "0:01:26"]

1. c4 e5 2. Nc3 Nc6 3. g3 Bc5 4. Bg2 a6 5. Nf3 d6 6. O-O Nf6 7. Nd5 O-O 8. d3 h6 9. Bd2 Nxd5 10. cxd5 Ne7 11. Qb3 Rb8 12. Rac1 Bd7 13. Nxe5 Bxf2+ 14. Rxf2 dxe5 15. Bb4 Bg4 16. Qc4 Bh5 17. Qh4 Nxd5 18. Bxf8 1-0


[Site "https://www.chess.com"]

[Event "Titled Tuesday Blitz August 09 Late 2022"]
[White "Gubajdullin, Alexei"]
[Black "Silva Lucena, Cristian"]
[WhiteFideId "4141202"]
[BlackFideId "2232588"]
[WhiteElo "2214"]
[BlackElo "2223"]
[Result "0-1"]
[Round "10"]
[TimeControl "180+1"]
[Date "2022.08.09"]
[WhiteClock "0:00:01"]
[BlackClock "0:00:15"]

1. Nf3 Nf6 2. g3 g6 3. Bg2 Bg7 4. O-O O-O 5. c4 d6 6. Nc3 Nc6 7. Rb1 a5 8. a3 e5 9. b4 axb4 10. axb4 Bf5 11. d3 e4 12. Nh4 exd3 13. Nxf5 dxe2 14. Qxe2 gxf5 15. Qc2 Nd4 16. Qd3 Ng4 17. Bxb7 Ne5 18. Qd1 Nxc4 19. Be3 Ne6 20. Bxa8 Qxa8 21. Nd5 c6 22. Ne7+ Kh8 23. Nxf5 Bf6 24. Nxd6 Nxd6 25. Qxd6 Rd8 26. Ra1 Bxa1 27. Qe7 Bg7 28. Qxf7 Nd4 29. Qh5 c5 30. Bxd4 cxd4 31. Rd1 d3 32. b5 d2 33. Qe2 Bc3 34. b6 Qc6 35. Qe3 Bd4 36. Qe7 Bxb6 37. Qe5+ Kg8 38. Qg5+ Qg6 39. Qe7 Qf7 40. Qb4 Qxf2+ 41. Kh1 Qf3# 0-1


[Site "https://www.chess.com"]

[Event "Titled Tuesday Blitz August 09 Late 2022"]
[White "Guz, Ari"]
[Black "Harvey, Marcus R"]
[WhiteFideId "2825759"]
[BlackFideId "400092"]
[WhiteElo "1913"]
[BlackElo "2485"]
[Result "1/2-1/2"]
[Round "10"]
[TimeControl "180+1"]
[Date "2022.08.09"]
[WhiteClock "0:00:12"]
[BlackClock "0:00:04"]

1. d4 Nf6 2. c4 e6 3. Nf3 b6 4. a3 Bb7 5. Nc3 d5 6. cxd5 Nxd5 7. Qc2 Nd7 8. e4 Nxc3 9. bxc3 c5 10. Bd3 cxd4 11. cxd4 Rc8 12. Qe2 Bd6 13. O-O e5 14. Bb2 exd4 15. Bxd4 O-O 16. Rfd1 Bc5 17. Bb2 Qe7 18. Re1 Rfd8 19. e5 Nf8 20. Be4 Bxe4 21. Qxe4 Ne6 22. h3 Qd7 23. a4 Qd3 24. Qxd3 Rxd3 25. a5 Bb4 26. Rec1 Rxc1+ 27. Rxc1 bxa5 28. Rc8+ Rd8 29. Rc6 h6 30. Ra6 Rd1+ 31. Kh2 Rb1 32. Bd4 Nxd4 33. Nxd4 Bc3 34. Nf3 Rb7 35. Kg3 g6 36. Kf4 h5 37. Ke4 Rb4+ 38. Kd3 Rb3 39. Kc4 Ra3 40. Rxa7 Ba1 41. Kd5 Ra2 42. e6 fxe6+ 43. Kxe6 a4 44. h4 a3 45. Ra8+ Kg7 46. Ra7+ Kh6 47. Ng5 Bg7 48. Nf7+ Kh7 49. Ng5+ Kg8 50. Ra8+ Bf8 51. Kf6 Rxf2+ 52. Kxg6 a2 53. Kxh5 Rxg2 54. Kg6 Rb2 55. Ne6 Rg2+ 56. Ng5 Rb2 57. Ne6 Rg2+ 58. Kf6 Rf2+ 59. Kg6 Rg2+ 1/2-1/2


[Site "https://www.chess.com"]

[Event "Titled Tuesday Blitz August 09 Late 2022"]
[White "Hafiz, Arif Abdul"]
[Black "Pham, Khoi"]
[WhiteFideId "7104227"]
[BlackFideId "1054988"]
[WhiteElo "2198"]
[BlackElo "2359"]
[Result "0-1"]
[Round "10"]
[TimeControl "180+1"]
[Date "2022.08.09"]
[WhiteClock "0:01:03"]
[BlackClock "0:00:41"]

1. e4 c6 2. d4 d5 3. e5 c5 4. dxc5 Nc6 5. f4 Bf5 6. c3 e6 7. Be3 f6 8. Nf3 Qc7 9. Bd4 fxe5 10. fxe5 Nge7 11. Bd3 Bxd3 12. Qxd3 Ng6 13. Qe3 Be7 14. O-O O-O 15. b4 Rf5 16. Nbd2 Raf8 17. Rae1 a5 18. b5 Nd8 19. a4 Nf7 20. g3 Nh6 21. h3 Rh5 22. Kg2 Nf5 23. Qg1 Qd8 24. Nb3 Nxg3 25. Kxg3 Nf4 26. Kf2 Nxh3+ 27. Ke2 Nxg1+ 28. Rxg1 Rxf3 29. Kxf3 Qf8+ 30. Ke3 Bg5+ 31. Ke2 Rh2+ 0-1


[Site "https://www.chess.com"]

[Event "Titled Tuesday Blitz August 09 Late 2022"]
[White "Harshavardhan G B"]
[Black "Premnath, R."]
[WhiteFideId "25059009"]
[BlackFideId "5021928"]
[WhiteElo "1890"]
[BlackElo "2508"]
[Result "1-0"]
[Round "10"]
[TimeControl "180+1"]
[Date "2022.08.09"]
[WhiteClock "0:01:13"]
[BlackClock "0:00:02"]

1. d4 Nf6 2. c4 e6 3. Nf3 d5 4. g3 c6 5. Bg2 Be7 6. O-O dxc4 7. Ne5 O-O 8. Nxc4 c5 9. dxc5 Bxc5 10. Nc3 h6 11. Bf4 Nc6 12. Rc1 Qe7 13. Bd6 Bxd6 14. Qxd6 Qxd6 15. Nxd6 Rd8 16. Rfd1 e5 17. e3 Rb8 18. Bxc6 bxc6 19. Nxc8 Rbxc8 20. b3 c5 21. Na4 Rxd1+ 22. Rxd1 Rc7 23. Kf1 e4 24. Ke2 Kf8 25. Rc1 Nd7 26. g4 Ke7 27. Rc4 Kd6 28. Rxe4 Ne5 29. Nb2 Kd5 30. Ra4 g5 31. h3 f6 32. Nc4 Nc6 33. f3 Nb4 34. a3 Na2 35. Kd3 Kc6 36. Kc2 Rd7 37. Kb2 Rd1 38. Kxa2 Rh1 39. Ra6+ Kb7 40. Rxf6 Rxh3 41. a4 Rh2+ 42. Ka3 h5 43. gxh5 Rxh5 44. a5 Rh3 45. Ka4 a6 46. Ne5 Rh4+ 47. e4 Rh1 48. Rf7+ Kb8 49. Ka3 Ra1+ 50. Kb2 Re1 51. Nc4 Re2+ 52. Kc3 Re1 53. Rf5 Rc1+ 54. Kb2 Rf1 55. Rxg5 Rxf3 56. Rxc5 Rf2+ 57. Kc3 Re2 58. e5 Kb7 59. Nd6+ Kb8 60. Rc8+ Ka7 61. Rc7+ Kb8 62. Re7 Re3+ 63. Kc4 Re1 64. Kc5 Rc1+ 65. Kb6 Rc8 66. Nxc8 1-0


[Site "https://www.chess.com"]

[Event "Titled Tuesday Blitz August 09 Late 2022"]
[White "Ibarra Jerez, Jose Carlos"]
[Black "Grischuk, Alexander"]
[WhiteFideId "2226332"]
[BlackFideId "4126025"]
[WhiteElo "2628"]
[BlackElo "2762"]
[Result "0-1"]
[Round "10"]
[TimeControl "180+1"]
[Date "2022.08.09"]
[WhiteClock "0:00:02"]
[BlackClock "0:00:06"]

1. Nf3 d5 2. g3 Nf6 3. Bg2 c5 4. O-O g6 5. c4 Bg7 6. cxd5 Nxd5 7. Nc3 Nc6 8. d3 O-O 9. Bd2 b6 10. Qa4 Bb7 11. Qh4 Nxc3 12. Bxc3 e6 13. Qxd8 Rfxd8 14. Rfc1 Rac8 15. a3 h6 16. Nd2 Rc7 17. Bxg7 Kxg7 18. Bxc6 Rxc6 19. f3 Rdc8 20. Rc3 g5 21. Rac1 f5 22. Kf2 Kf6 23. f4 e5 24. Nf3 exf4 25. gxf4 Re6 26. Rg1 Bxf3 27. Kxf3 Rce8 28. fxg5+ hxg5 29. Rc2 g4+ 30. Kf2 a5 31. b4 cxb4 32. axb4 a4 33. b5 Re5 34. Ra1 Rxb5 35. Rxa4 Rbe5 36. Ra6 R8e6 37. Rb2 Kg5 38. Raxb6 Rxe2+ 39. Rxe2 Rxb6 40. d4 Kf4 41. Rd2 Rd6 42. d5 Ke4 43. Re2+ Kxd5 44. Kg3 Re6 45. Rd2+ Ke5 46. Re2+ Kf6 47. Rxe6+ Kxe6 48. Kf4 Kf6 49. Ke3 Kg5 50. Kf2 Kh4 51. Kg2 f4 52. Kf2 Kh3 53. Kg1 Kh4 54. Kh1 Kg5 55. Kg2 Kf5 56. Kf2 Ke4 57. Ke2 Kd4 58. Kd2 Kc4 59. Ke2 Kc3 60. Kf2 Kd2 61. Kf1 Kd3 62. Kf2 Kc3 63. Ke2 Kc2 64. Ke1 Kd3 65. Kd1 Ke3 66. Ke1 Kf3 67. Kf1 g3 68. h3 Ke4 69. Kg2 Kf5 70. Kf3 Kg5 71. Kg2 Kh4 72. Kf3 Kxh3 0-1


[Site "https://www.chess.com"]

[Event "Titled Tuesday Blitz August 09 Late 2022"]
[White "Korchmar, Vasiliy"]
[Black "Leiva, Gianmarco"]
[WhiteFideId "24131750"]
[BlackFideId "3804399"]
[WhiteElo "2370"]
[BlackElo "2323"]
[Result "0-1"]
[Round "10"]
[TimeControl "180+1"]
[Date "2022.08.09"]
[WhiteClock "0:00:01"]
[BlackClock "0:00:07"]

1. e4 c5 2. Nf3 d6 3. d4 cxd4 4. Nxd4 Nf6 5. Nc3 a6 6. f3 e5 7. Nb3 Be6 8. Be3 Be7 9. Qd2 h5 10. Nd5 Nxd5 11. exd5 Bf5 12. Be2 Bh4+ 13. g3 Bf6 14. Na5 Qc7 15. c4 b6 16. Nb3 a5 17. O-O a4 18. Nc1 Nd7 19. Nd3 Nc5 20. Nb4 e4 21. Nc6 O-O 22. Bxc5 bxc5 23. fxe4 Bxe4 24. Bxh5 Bg6 25. Rxf6 gxf6 26. Qh6 Rae8 27. Rf1 Qd7 28. Rxf6 Re1+ 29. Kf2 Qh3 30. Kxe1 Re8+ 31. Kf2 Qxh2+ 32. Kf3 Qe2+ 33. Kf4 Qe3+ 0-1


[Site "https://www.chess.com"]

[Event "Titled Tuesday Blitz August 09 Late 2022"]
[White "Kosteniuk, Alexandra"]
[Black "Voege, Tobias"]
[WhiteFideId "4128125"]
[BlackFideId "1270513"]
[WhiteElo "2469"]
[BlackElo "2360"]
[Result "1-0"]
[Round "10"]
[TimeControl "180+1"]
[Date "2022.08.09"]
[WhiteClock "0:01:21"]
[BlackClock "0:00:05"]

1. e4 c5 2. Nf3 Nc6 3. Bb5 g6 4. O-O Bg7 5. c3 Nf6 6. Re1 O-O 7. h3 d5 8. e5 Ne8 9. d4 cxd4 10. cxd4 Bd7 11. Nc3 Na5 12. Bxd7 Qxd7 13. Qe2 Nc7 14. b3 Rac8 15. Ba3 a6 16. Qd2 Ne6 17. Rac1 h5 18. Na4 Rxc1 19. Rxc1 Nc6 20. Nc5 Nxc5 21. Bxc5 Re8 22. a4 f6 23. Re1 fxe5 24. dxe5 e6 25. b4 Qf7 26. b5 axb5 27. axb5 Nb8 28. Bd6 Nd7 29. Rc1 Qf5 30. Qe3 Qe4 31. Rc7 Qb1+ 32. Kh2 Qxb5 33. Qg5 Kh7 34. Nh4 Qd3 35. Rxd7 b5 36. Qf6 Rg8 37. Bf8 g5 38. Rxg7+ 1-0


[Site "https://www.chess.com"]

[Event "Titled Tuesday Blitz August 09 Late 2022"]
[White "Kravtsiv, Martyn"]
[Black "Hakobyan, Aram"]
[WhiteFideId "14113147"]
[BlackFideId "13306677"]
[WhiteElo "2694"]
[BlackElo "2557"]
[Result "0-1"]
[Round "10"]
[TimeControl "180+1"]
[Date "2022.08.09"]
[WhiteClock "0:00:06"]
[BlackClock "0:00:09"]

1. e4 c5 2. Nf3 Nc6 3. d4 cxd4 4. Nxd4 Nf6 5. Nc3 h5 6. h3 g6 7. Be3 Bg7 8. Bc4 O-O 9. Bb3 Na5 10. e5 Nh7 11. Nf3 Nxb3 12. axb3 d6 13. exd6 exd6 14. O-O b6 15. Bd4 Nf6 16. Nb5 a6 17. Nc3 Bb7 18. Ng5 b5 19. Re1 Qd7 20. b4 Rfe8 21. Qd3 h4 22. Rad1 Qc6 23. Qf3 Qxf3 24. Nxf3 Bxf3 25. gxf3 Nh5 26. Bxg7 Kxg7 27. Nd5 Re5 28. f4 Rxe1+ 29. Rxe1 Rc8 30. c3 Rc4 31. f5 gxf5 32. Ra1 Re4 33. Rxa6 Re1+ 34. Kg2 Re5 35. Ne3 Nf4+ 36. Kf3 Nxh3 37. Rxd6 f6 38. Rd7+ Kg6 39. Nd5 Ng5+ 40. Kg2 Re4 41. Ne7+ Kf7 42. Nc6+ Kg6 43. Ne7+ Kf7 44. Nc6+ Kf8 45. Nd4 Rg4+ 46. Kh2 h3 47. Rd8+ Ke7 48. Rh8 Rg2+ 49. Kh1 Rxf2 50. Nxb5 f4 51. Nd4 Rxb2 52. Kg1 f3 53. Kf1 h2 54. Nf5+ Ke6 55. Ng3 Ke5 56. b5 Kf4 57. Nh5+ Ke3 58. Re8+ Ne4 0-1


[Site "https://www.chess.com"]

[Event "Titled Tuesday Blitz August 09 Late 2022"]
[White "Melikhov, Evgeny V."]
[Black "Jeet, Jain"]
[WhiteFideId "4122046"]
[BlackFideId "5073022"]
[WhiteElo "1963"]
[BlackElo "2055"]
[Result "0-1"]
[Round "10"]
[TimeControl "180+1"]
[Date "2022.08.09"]
[WhiteClock "0:00:22"]
[BlackClock "0:00:58"]

1. d4 f5 2. e4 fxe4 3. Nc3 Nf6 4. Bg5 e6 5. Nxe4 Be7 6. Bxf6 Bxf6 7. Nf3 O-O 8. Bd3 Nc6 9. c3 d5 10. Nxf6+ Qxf6 11. Qe2 Re8 12. Ne5 Nxe5 13. dxe5 Qh6 14. g3 c5 15. f4 Bd7 16. O-O Bc6 17. Rae1 Rf8 18. b4 cxb4 19. cxb4 a6 20. Qe3 Rf7 21. Qd4 Raf8 22. f5 exf5 23. e6 Re7 24. Bxf5 Qf6 25. Qxf6 Rxf6 26. Bh3 Rxf1+ 27. Kxf1 Bb5+ 28. Kf2 Bc4 29. Ke3 Bxa2 30. Kd4 Kf8 31. Ke5 Re8 32. Rf1+ Kg8 33. Kd6 Bc4 34. e7 Bxf1 35. Be6+ Kh8 36. Bxd5 Bb5 37. Bxb7 g5 38. Bd5 Kg7 39. Ke6 Rb8 0-1


[Site "https://www.chess.com"]

[Event "Titled Tuesday Blitz August 09 Late 2022"]
[White "Naroditsky, Daniel"]
[Black "Bortnyk, Olexandr"]
[WhiteFideId "2026961"]
[BlackFideId "14120828"]
[WhiteElo "2628"]
[BlackElo "2723"]
[Result "0-1"]
[Round "10"]
[TimeControl "180+1"]
[Date "2022.08.09"]
[WhiteClock "0:00:02"]
[BlackClock "0:00:03"]

1. e4 d6 2. Nc3 Nf6 3. f4 Nbd7 4. Nf3 e5 5. Bc4 Be7 6. d3 O-O 7. O-O c6 8. a4 a5 9. Kh1 exf4 10. Bxf4 Nc5 11. Qd2 Be6 12. Bxe6 Nxe6 13. Bg3 d5 14. Rae1 Bb4 15. e5 Nh5 16. d4 Nxg3+ 17. hxg3 c5 18. Rd1 Rc8 19. Qd3 cxd4 20. Nxd4 Bxc3 21. bxc3 Nc5 22. Qe3 Ne4 23. Rd3 Qd7 24. Nf5 Qe6 25. Rxd5 Nxc3 26. Rd6 Qc4 27. Rf3 Kh8 28. Qg5 Rg8 29. Rh6 Rc6 30. Rh4 Qd5 31. Ne7 Qd1+ 32. Kh2 Ne2 33. Re3 Qg1+ 34. Kh3 Qh1+ 35. Kg4 Rc4+ 36. Kh5 Nxg3+ 37. Rxg3 g6+ 38. Nxg6+ fxg6+ 0-1


[Site "https://www.chess.com"]

[Event "Titled Tuesday Blitz August 09 Late 2022"]
[White "Pakleza, Zbigniew"]
[Black "Kamsky, Gata"]
[WhiteFideId "1119290"]
[BlackFideId "2000024"]
[WhiteElo "2411"]
[BlackElo "2666"]
[Result "0-1"]
[Round "10"]
[TimeControl "180+1"]
[Date "2022.08.09"]
[WhiteClock "0:00:03"]
[BlackClock "0:00:23"]

1. d4 Nf6 2. Nf3 g6 3. Bf4 Bg7 4. e3 d6 5. h3 O-O 6. Be2 c5 7. c3 Qb6 8. Qb3 Be6 9. Qxb6 axb6 10. a3 Bd7 11. Nbd2 Bc6 12. O-O b5 13. Rfd1 Nbd7 14. Bd3 c4 15. Bc2 Nd5 16. Bh2 f5 17. e4 fxe4 18. Nxe4 h6 19. Re1 Rf7 20. Nh4 Nf8 21. Nd2 Rf6 22. Ne4 Rf7 23. Nd2 Kh7 24. Bg3 Bf6 25. Nhf3 Kg7 26. Nh2 Bg5 27. Ndf1 Nd7 28. Ne3 N7b6 29. Nhg4 h5 30. Nxd5 Nxd5 31. Ne3 Nxe3 32. fxe3 h4 33. Bh2 Raf8 34. Re2 Kh6 35. Rae1 Re8 36. e4 e5 37. dxe5 dxe5 38. Kh1 Bf4 39. Rf1 g5 40. Rd1 Ree7 41. Rd6+ Kg7 42. Kg1 Rd7 43. Rxd7 Rxd7 44. Bxf4 gxf4 45. Kf2 Kf6 46. Ke1 Rg7 47. Rd2 Ke7 48. Kf2 Rg3 49. Re2 Bd7 50. Rd2 f3 51. gxf3 Bxh3 52. Bd1 Rg2+ 53. Ke3 Rxd2 54. Kxd2 Kf6 55. f4 exf4 56. e5+ Kxe5 57. Bf3 Bf5 58. Bxb7 h3 59. Ke2 Be4 0-1


[Site "https://www.chess.com"]

[Event "Titled Tuesday Blitz August 09 Late 2022"]
[White "Papasimakopoulos, Alexandros"]
[Black "Demchenko, Anton"]
[WhiteFideId "4244125"]
[BlackFideId "4160258"]
[WhiteElo "2357"]
[BlackElo "2539"]
[Result "1-0"]
[Round "10"]
[TimeControl "180+1"]
[Date "2022.08.09"]
[WhiteClock "0:01:15"]
[BlackClock "0:00:07"]

1. d4 Nf6 2. c4 g6 3. Nc3 Bg7 4. Bg5 h6 5. Bh4 c5 6. d5 g5 7. Bg3 Nh5 8. e3 Nxg3 9. hxg3 Bxc3+ 10. bxc3 Qa5 11. Qb3 Kf8 12. Bd3 d6 13. f4 Kg7 14. Nf3 Nd7 15. Kf2 gxf4 16. gxf4 Nf6 17. Rh4 h5 18. Rah1 Bg4 19. Nh2 Bd7 20. e4 Ng4+ 21. Nxg4 Bxg4 22. Be2 Bxe2 23. Kxe2 b5 24. cxb5 c4 25. Qxc4 Rac8 26. Qd4+ f6 27. R1h3 Qxa2+ 28. Kf1 Rc4 29. Qd3 Qa1+ 30. Kf2 Qb2+ 31. Kg1 Qxb5 32. e5 Qc5+ 33. Kh2 dxe5 34. Rg3+ Kf8 35. Qg6 exf4 36. Qg7+ Ke8 37. Qxh8+ Kd7 38. Rg8 Qc7 39. Qxh5 f3+ 40. g3 Rxh4+ 41. Qxh4 Qxc3 42. Qg4+ Kd6 43. Qe6+ Kc5 44. Rc8+ Kb4 45. Rxc3 1-0


[Site "https://www.chess.com"]

[Event "Titled Tuesday Blitz August 09 Late 2022"]
[White "Pinheiro, Iung Alicio de O."]
[Black "Galperin, Platon"]
[WhiteFideId "2104350"]
[BlackFideId "14165414"]
[WhiteElo "2283"]
[BlackElo "2435"]
[Result "1-0"]
[Round "10"]
[TimeControl "180+1"]
[Date "2022.08.09"]
[WhiteClock "0:00:10"]
[BlackClock "0:00:45"]

1. c4 e6 2. g3 f5 3. Bg2 Nf6 4. Nf3 Be7 5. O-O O-O 6. d3 d6 7. Nc3 Nc6 8. e4 e5 9. exf5 Bxf5 10. h3 Qd7 11. Kh2 Rae8 12. Be3 Ng4+ 13. hxg4 Bxg4 14. Ne4 Qf5 15. Ned2 e4 16. dxe4 Qh5+ 17. Kg1 Ne5 18. Bf4 Ng6 19. Be3 Ne5 20. Bf4 Ng6 21. Qb3 Rxf4 22. gxf4 Nxf4 23. Qe3 Bg5 24. Nxg5 Ne2+ 25. Qxe2 Bxe2 26. Rfe1 Rf8 27. Nh3 Rf6 28. f3 Bxf3 29. Nxf3 Rxf3 30. Bxf3 Qxf3 31. Nf2 h5 32. Rad1 Qf6 33. b3 g5 34. Rd3 g4 35. e5 dxe5 36. Ne4 Qf4 37. Rd8+ Kf7 38. Rf1 Ke7 39. Rxf4 exf4 40. Rh8 1-0


[Site "https://www.chess.com"]

[Event "Titled Tuesday Blitz August 09 Late 2022"]
[White "Przybylski, Wojciech"]
[Black "Djordjevic, Vuk"]
[WhiteFideId "1117599"]
[BlackFideId "902098"]
[WhiteElo "2133"]
[BlackElo "2456"]
[Result "0-1"]
[Round "10"]
[TimeControl "180+1"]
[Date "2022.08.09"]
[WhiteClock "0:00:10"]
[BlackClock "0:00:15"]

1. e4 d5 2. exd5 Qxd5 3. Nc3 Qd6 4. g3 Nf6 5. Bg2 c6 6. Nge2 Bg4 7. O-O e6 8. h3 Bxe2 9. Qxe2 Nbd7 10. d3 Qc7 11. Bf4 Bd6 12. Be3 O-O 13. Ne4 Nxe4 14. Bxe4 Nf6 15. Bg2 Nd5 16. Bd2 Qb6 17. c4 Ne7 18. Bc3 Nf5 19. Qg4 Bb4 20. Rab1 Bxc3 21. bxc3 Qc7 22. c5 Rfd8 23. d4 Ne7 24. Qe2 b6 25. cxb6 axb6 26. Rfc1 Ra5 27. Qc4 Rda8 28. Rc2 Nd5 29. Rbb2 Ra4 30. Qd3 Ra3 31. Qd2 Ne7 32. c4 Rd8 33. Qb4 Ra6 34. Rd2 h6 35. Kh2 Nf5 36. c5 b5 37. Qc3 Ra4 38. Rb4 Qa5 39. Rb3 Qxc3 40. Rxc3 Rdxd4 41. Rcd3 Rxd3 42. Rxd3 Rxa2 43. Bxc6 Rxf2+ 44. Kg1 Rc2 45. Be4 Rc1+ 46. Kf2 g6 47. c6 Ne7 48. Rd7 Nxc6 49. Rc7 Rc4 50. Bxc6 b4 51. Rc8+ Kg7 52. Bd7 Rxc8 53. Bxc8 b3 54. Ba6 b2 55. Bd3 f5 56. Ke3 Kf6 57. Kd4 e5+ 58. Kc3 e4 59. Bc2 Ke5 60. Kxb2 Kd4 61. Kc1 Ke3 62. Kd1 Kf2 63. g4 e3 64. Bd3 fxg4 65. hxg4 h5 66. gxh5 gxh5 67. Bc4 h4 68. Kc2 h3 69. Be2 Kxe2 70. Kc3 Kf2 71. Kd4 e2 72. Kd3 e1=Q 73. Kd4 Qe3+ 74. Kd5 Kf3 75. Kd6 Qe4 76. Kc7 Kf4 77. Kb8 Qb4+ 78. Ka7 Ke5 79. Ka8 Kd6 80. Ka7 Kc7 81. Ka8 Qa4# 0-1


[Site "https://www.chess.com"]

[Event "Titled Tuesday Blitz August 09 Late 2022"]
[White "Romanchuk, Viktor"]
[Black "Mahdavi, Reza"]
[WhiteFideId "14109271"]
[BlackFideId "12595926"]
[WhiteElo "2242"]
[BlackElo "2226"]
[Result "0-1"]
[Round "10"]
[TimeControl "180+1"]
[Date "2022.08.09"]
[WhiteClock "0:00:58"]
[BlackClock "0:02:03"]

1. d4 d5 2. c4 e6 3. Nc3 Nf6 4. Nf3 Bb4 5. cxd5 exd5 6. Bg5 h6 7. Bxf6 Qxf6 8. e3 c6 9. Bd3 O-O 10. O-O Nd7 11. a3 Bd6 12. e4 dxe4 13. Nxe4 Qe7 14. Re1 Nf6 15. Ne5 Nxe4 16. Bxe4 Be6 17. d5 Bxe5 18. dxe6 Qxe6 19. Qh5 Qf6 20. Bxc6 Bxb2 21. Rab1 bxc6 0-1


[Site "https://www.chess.com"]

[Event "Titled Tuesday Blitz August 09 Late 2022"]
[White "Rustemov, Alexander"]
[Black "Averjanov, Alexey"]
[WhiteFideId "4119002"]
[BlackFideId "14109867"]
[WhiteElo "2776"]
[BlackElo "2626"]
[Result "1-0"]
[Round "10"]
[TimeControl "180+1"]
[Date "2022.08.09"]
[WhiteClock "0:00:02"]
[BlackClock "0:00:03"]

1. d4 d5 2. c4 dxc4 3. Nf3 Nf6 4. e3 e6 5. Bxc4 a6 6. O-O b5 7. Be2 Bb7 8. a4 b4 9. Nbd2 Nbd7 10. b3 c5 11. Bb2 Be7 12. Ne5 cxd4 13. Nxd7 Qxd7 14. Bxd4 O-O 15. Nc4 Rad8 16. Bf3 Nd5 17. Rc1 Bf6 18. Bxf6 gxf6 19. Bxd5 Bxd5 20. Qe2 Qb7 21. f3 Qa7 22. Qf2 Rc8 23. Nd2 Rc3 24. e4 Qxf2+ 25. Kxf2 Ba8 26. Rxc3 bxc3 27. Nc4 Rc8 28. Rc1 Rb8 29. Rxc3 Kg7 30. Ke3 Rb4 31. Nd2 Rb8 32. Rc5 Kg6 33. g4 h6 34. h4 e5 35. Rc7 Bb7 36. Nc4 Bc8 37. Na5 Be6 38. Rc3 h5 39. gxh5+ Kxh5 40. Nc6 Rxb3 41. Rxb3 Bxb3 42. a5 Kxh4 43. Nb8 Bc4 44. f4 Kg4 45. f5 Kg5 46. Nd7 Bb5 47. Nc5 Kh6 48. Nb7 Kg7 49. Nc5 Kf8 50. Kd2 Ke7 51. Kc3 Kd6 52. Kb4 Bf1 53. Nb7+ Kc7 54. Nc5 Bg2 55. Nxa6+ Kc6 56. Nc5 Bf1 57. Nb3 Bd3 58. Nd2 Be2 59. Nc4 Bd3 60. Nd2 Be2 61. Nb3 Bd3 62. Nc5 Be2 63. a6 Kb6 64. Nd7+ Kxa6 65. Kc5 Bf3 66. Nxf6 Kb7 67. Kd6 Kb6 68. Kxe5 Kc7 69. Kf4 Bg2 70. e5 Kd8 71. Ng4 Ke7 72. Kg5 Be4 73. Nf6 Bc2 74. Ng8+ Kf8 75. Nh6 Ke7 76. Kf4 Bb1 77. Ng4 Bc2 78. Ne3 Bd3 79. Nd5+ Kf8 80. Kg5 Bb1 81. Kf6 Bc2 82. Nc7 Bb1 83. Nb5 Bc2 84. Nd6 Bd3 85. e6 fxe6 86. fxe6 Kg8 87. e7 Bg6 88. Kxg6 Kh8 89. e8=Q# 1-0


[Site "https://www.chess.com"]

[Event "Titled Tuesday Blitz August 09 Late 2022"]
[White "Sadilek, Peter"]
[Black "Hambleton, Aman"]
[WhiteFideId "1616439"]
[BlackFideId "2606577"]
[WhiteElo "2145"]
[BlackElo "2538"]
[Result "0-1"]
[Round "10"]
[TimeControl "180+1"]
[Date "2022.08.09"]
[WhiteClock "0:00:01"]
[BlackClock "0:00:04"]

1. d4 Nf6 2. Nf3 e6 3. g3 b5 4. Bg2 Bb7 5. O-O d5 6. Bg5 Be7 7. c3 Nbd7 8. a4 b4 9. a5 c5 10. dxc5 Bxc5 11. cxb4 Be7 12. b5 Rb8 13. Nc3 O-O 14. Nd4 h6 15. Bxf6 Nxf6 16. Qd3 Bb4 17. b6 axb6 18. a6 Ba8 19. Qb5 Qd6 20. Rfc1 Rbc8 21. e3 Rfd8 22. Na4 Bc5 23. Nb3 Nd7 24. Qd3 Ne5 25. Qe2 Nc4 26. Nbxc5 bxc5 27. b3 Ne5 28. Rc2 c4 29. bxc4 Nxc4 30. Nc3 Rc6 31. Nb5 Qe7 32. Nd4 Rc7 33. h4 Rdc8 34. Rca2 g6 35. h5 e5 36. Nb5 Rc5 37. Nc3 g5 38. Rd1 e4 39. Rd4 Ne5 40. Na4 Rc1+ 41. Kh2 g4 0-1


[Site "https://www.chess.com"]

[Event "Titled Tuesday Blitz August 09 Late 2022"]
[White "Sarana, Alexey"]
[Black "Shimanov, Aleksandr"]
[WhiteFideId "24133795"]
[BlackFideId "4198603"]
[WhiteElo "2666"]
[BlackElo "2605"]
[Result "0-1"]
[Round "10"]
[TimeControl "180+1"]
[Date "2022.08.09"]
[WhiteClock "0:00:03"]
[BlackClock "0:00:09"]

1. c4 g6 2. Nc3 Bg7 3. g3 Nf6 4. Bg2 O-O 5. Nf3 d6 6. O-O Nc6 7. d4 e5 8. d5 Nb8 9. e4 a5 10. Re1 Na6 11. b3 Nd7 12. Rb1 f5 13. a3 f4 14. b4 g5 15. h3 h5 16. Nb5 g4 17. Nh4 f3 18. Bf1 Nf6 19. Bg5 Qe8 20. c5 Nh7 21. Qd2 Qd7 22. Nf5 Rxf5 23. exf5 axb4 24. axb4 Qxf5 25. Bh4 Qf8 26. Bd3 Kh8 27. c6 bxc6 28. dxc6 Be6 29. Ra1 d5 30. Nc3 Nxb4 31. Rxa8 Qxa8 32. Bxh7 Kxh7 33. Nb5 Qa5 34. Qg5 Bf7 35. Qe7 Nxc6 36. Qxf7 Qxe1+ 37. Kh2 Qxf2+ 38. Kh1 Qg2# 0-1


[Site "https://www.chess.com"]

[Event "Titled Tuesday Blitz August 09 Late 2022"]
[White "Tanenbaum, Zachary"]
[Black "Mcconnell, Sullivan"]
[WhiteFideId "2060850"]
[BlackFideId "30934885"]
[WhiteElo "2175"]
[BlackElo "2626"]
[Result "0-1"]
[Round "10"]
[TimeControl "180+1"]
[Date "2022.08.09"]
[WhiteClock "0:00:02"]
[BlackClock "0:01:01"]

1. e4 e6 2. d4 d5 3. Nc3 Nf6 4. Bg5 dxe4 5. Nxe4 Be7 6. Bxf6 gxf6 7. Nf3 f5 8. Nc3 a6 9. Qe2 b5 10. O-O-O b4 11. Na4 Qd5 12. c4 bxc3 13. Nxc3 Qa5 14. d5 Bf6 15. Ne5 Qb4 16. dxe6 Qf4+ 17. Kb1 Qxe5 18. exf7+ Kxf7 19. Qh5+ Kg7 20. Bc4 Qe8 21. Qf3 Ra7 22. Rhe1 Qg6 23. Nd5 Bb7 24. Qe3 f4+ 25. Qd3 Bxd5 26. Bxd5 Qxd3+ 27. Rxd3 Rd8 28. Re4 c6 29. Bc4 Rxd3 30. Bxd3 Rd7 31. Kc2 Bxb2 32. Rxf4 Be5 33. Rg4+ Kf8 34. f4 Bd4 35. f5 c5 36. Bc4 Nc6 37. Rg8+ Ke7 38. g4 Ne5 39. Be6 Rc7 40. g5 c4 41. h4 c3 42. h5 Nf3 43. g6 hxg6 44. hxg6 Ne1+ 45. Kc1 Be3+ 46. Kd1 c2+ 47. Ke2 c1=Q 48. g7 Qd2+ 49. Kf1 Qf2# 0-1


[Site "https://www.chess.com"]